Map: Abiogenesis LE

Players

Scarlett

  • Race: Zerg Zerg
  • League: Master
  • Spawn Location: 11:00

Stats - Winner!

  • Race: Protoss Protoss
  • League: Master
  • Spawn Location: 5:00

Event: Memes & Dreams Invitational

VOD

Have the link to the VOD?

Description

Time

  • Played on: April 13, 2018, 3:26 a.m.
  • Length: 6:07

All games in this series

Show
View Real Time Build Order
Export as new Build Order

Scarlett Zerg 

Build Orders: Pool First 

Get SALT Encoding   

  12  0:00  Drone  
  13  0:12  Overlord  
  13  0:17  Drone  
  14  0:30  Drone  
  14  0:31  Drone  
  16  0:40  Spawning Pool  
  15  0:44  Drone  
  15  0:48  Drone  
  17  0:56  Drone  
  18  1:03  Extractor  
  17  1:27  Zergling x4  
  17  1:28  Zergling x2, Queen  
  22  1:41  Overlord  
  22  1:53  Hatchery  
  21  1:56  Drone  
  22  2:04  Drone, Queen  
  25  2:09  Metabolic Boost  
  25  2:14  Drone  
  26  2:25  Drone  
  25  2:39  Drone x4  
  28  2:47  Overlord  
  28  2:52  Queen  
  30  3:06  Zergling x4  
  30  3:08  Queen  
  30  3:11  Zergling x2  
  35  3:13  Zergling x6  
  33  3:31  Drone x2  
  33  3:32  Drone  
  35  3:36  Spore Crawler  
  34  3:42  Queen  
  36  3:51  Queen  
  38  3:57  Spore Crawler  
  38  4:01  Zergling x2  
  38  4:05  Zergling x2  
  38  4:09  Zergling x2  
  40  4:14  Zergling x2  
  41  4:21  Overlord  
  41  4:25  Overlord  
  41  4:42  Zergling x6  
  41  4:45  Zergling x6  
  44  5:03  Zergling x10  
  50  5:07  Zergling x2  
  45  5:20  Zergling x6  
  43  5:29  Zergling x2  
  44  5:37  Zergling x2  
  44  5:38  Zergling x2  
Show
View Real Time Build Order
Export as new Build Order

Stats Protoss - Winner!

Build Orders: 1 Gate Expand, Oracle Opening, Phoenix Opening 

Get SALT Encoding   

  12  0:00  Probe  
  13  0:12  Probe  
  14  0:19  Pylon  
  14  0:24  Probe  
  15  0:37  Probe (Chrono Boost)  
  16  0:43  Gateway  
  16  0:46  Probe (Chrono Boost)  
  16  0:49  Assimilator  
  17  0:51  Probe (Chrono Boost)  
  18  1:03  Probe  
  19  1:08  Pylon  
  19  1:16  Probe  
  20  1:30  Cybernetics Core  
  20  1:35  Pylon  
  20  1:43  Nexus  
  20  1:52  Pylon, Probe  
  21  1:58  Assimilator  
  21  2:06  Adept (Chrono Boost)  
  23  2:12  Probe  
  24  2:25  Adept  
  24  2:27  Probe  
  23  2:40  Probe  
  24  2:50  Stargate  
  24  2:56  Probe (Chrono Boost)  
  24  2:57  Probe (Chrono Boost)  
  28  3:05  Probe (Chrono Boost), Warp Gate  
  28  3:08  Probe (Chrono Boost)  
  28  3:12  Adept  
  30  3:22  Probe x2  
  32  3:33  Oracle (Chrono Boost)  
  30  3:35  Probe x2  
  33  3:45  Adept  
  33  3:47  Probe (Chrono Boost)  
  33  3:48  Probe (Chrono Boost)  
  37  3:54  Phoenix  
  37  3:59  Probe (Chrono Boost)  
  39  4:05  Probe (Chrono Boost)  
  39  4:07  Probe (Chrono Boost)  
  39  4:09  Pylon  
  42  4:11  Probe (Chrono Boost)  
  42  4:13  Probe  
  44  4:23  Probe  
  45  4:25  Probe  
  45  4:27  Oracle (Chrono Boost)  
  45  4:29  Assimilator  
  45  4:30  Assimilator  
  49  4:33  Pylon  
  49  4:35  Probe  
  49  4:38  Probe  
  51  4:43  Shield Battery  
  51  4:44  Shield Battery  
  51  4:49  Shield Battery  
  51  4:52  Pylon  
  51  4:57  Oracle (Chrono Boost)  
  54  5:11  Gateway  
  54  5:12  Pylon  
  54  5:20  Adept  
  56  5:22  Gateway  
  56  5:24  Gateway  
  56  5:26  Pylon  
  56  5:30  Oracle (Chrono Boost)  
  59  5:48  Gateway  
  59  5:50  Shield Battery x2  
  59  5:55  Pylon  
  59  5:56  Pylon  
  56  6:07  Pylon  
Tags
 
Add a new tag
Caveats
  • Supply blocks, unpowered buildings, or Contaminate may cause inaccurate times.
  • Supply counts are checked every 10 seconds.